 Dungeon Crawl Stone Soup version 0.28.0 (webtiles) character file.

Game seed: 10340239692485608874

13 rebuscarnival the Stinger (level 2, -1/19 HPs)
             Began as a Merfolk Venom Mage on Feb 13, 2022.
             Slain by a giant cockroach (2 damage)
             ... on level 1 of the Dungeon.
             The game lasted 00:09:57 (692 turns).

rebuscarnival the Stinger (Merfolk Venom Mage)       Turns: 692, Time: 00:09:58

Health: -1/19      AC:  5    Str:  8    XL:     2   Next: 37%
Magic:  4/5        EV: 11    Int: 14    God:
Gold:   39         SH:  0    Dex: 20    Spells: 4/5 levels left

rFire   . . .      SeeInvis .   c - +0 quarterstaff
rCold   . . .      Faith    .   (shield currently unavailable)
rNeg    . . .      Spirit   .   g - +0 ring mail
rPois   .          Reflect  .   (no helmet)
rElec   .          Harm     .   (no cloak)
rCorr   .          Rampage  .   (no gloves)
Will    .....                   (no boots)
Stlth   ++........              (no amulet)
HPRegen 0.06/turn               d - +6 ring of dexterity
MPRegen 0.09/turn               (no ring)

@: very slightly contaminated
A: (nimble swimmer 2), mertail
a: no special abilities


You were on level 1 of the Dungeon.
You visited 1 branch of the dungeon, and saw 1 of its levels.

You collected 39 gold pieces.

Inventory:

Hand Weapons
 c - a +0 quarterstaff (weapon)
 f - a +0 club
Missiles
 b - 4 poisoned darts
 h - 21 arrows
 i - 2 boomerangs
Armour
 a - a +0 robe
 g - a +0 ring mail (worn)
Jewellery
 d - a +6 ring of dexterity (left hand)
Potions
 e - a potion of haste {unknown}


   Skills:
 + Level 0.4 Staves
 + Level 2.6 Dodging
 + Level 2.3 Stealth
 + Level 2.0 Spellcasting
 + Level 1.7 Transmutations
 + Level 3.7 Poison Magic


You had 4 spell levels left.
You knew the following spells:

 Your Spells              Type           Power      Damage    Failure   Level
a - Sting                 Tmut/Pois      36%        1d4       24%         1

Your spell library contained the following spells:

 Spells                   Type           Power      Damage    Failure   Level
 Poisonous Vapours        Pois/Air       12%        N/A       45%         2
 Mephitic Cloud           Conj/Pois/Air  4%         N/A       78%         3
 Olgreb's Toxic Radiance  Pois           11%        N/A       83%         4


Dungeon Overview and Level Annotations

Branches:
Dungeon (1/15)

Altars:


Innate Abilities, Weirdness & Mutations

((You are very nimble when in or above water. (Stealth+, EV+, Speed+++)))
Your lower body shifts to a powerful aquatic tail in water.


Message History

The giant cockroach barely misses you. The giant cockroach barely misses you.
The giant cockroach misses you. The giant cockroach barely misses you.
The giant cockroach bites you but does no damage.
The ball python bites you but does no damage.
The ball python grabs you. The ball python constricts you.
The giant cockroach bites you.
* * * LOW HITPOINT WARNING * * *
You escape the ball python's grasp.
The ball python bites you but does no damage.
The ball python barely misses you. x2; The ball python misses you.
The giant cockroach misses you.
The ball python bites you but does no damage.
The ball python grabs you. The ball python constricts you.
The ball python bites you but does no damage.
The ball python constricts you.
You escape the ball python's grasp.
The giant cockroach bites you but does no damage.
The frilled lizard hisses angrily.
The goblin barely misses you. The giant cockroach bites you.
* * * LOW HITPOINT WARNING * * *
The ball python misses you. The ball python completely misses you.
The goblin barely misses you.
The ball python bites you but does no damage.
The ball python grabs you. The ball python constricts you.
The goblin hits you with a +0 club.
* * * LOW HITPOINT WARNING * * *
You escape the ball python's grasp.
The ball python misses you. The ball python barely misses you.
The frilled lizard misses you. The giant cockroach barely misses you.
Aiming: Sting (safe; 24% risk of failure)
Press: ? - help, Q - select action, (/) - cycle Shift-Dir - straight line, f - goblin
Aim: a goblin, wielding a +0 club (60% to hit)
You miscast Sting.
You are very lightly contaminated with residual magic.
Nothing appears to happen.
The frilled lizard closely misses you. The giant cockroach closely misses you.
You closely miss the giant cockroach. The giant cockroach bites you.
You die...

#.# #.# #### # #.# #..
...######### #.#.#
##.######..#...>...#
#.#.###..@BS..#..#........
........#l...#..#.......#
###.##...#g...#..#.......#
#.............#..#.......#
#.#.#.........#..#.......#
#.#.#....................#
#.#...........#####.#.####
#.....................# #
##############.####.###


You could see a giant cockroach, a goblin, a ball python and a frilled lizard.

Vanquished Creatures
  A dart slug (D:1)
  3 bats (D:1)
  An endoplasm (D:1)
  2 hobgoblins (D:1)
  2 quokkas (D:1)
9 creatures vanquished.

Notes
Turn   | Place    | Note
-------+----------+-------------------------------------------
     0 | D:1      | rebuscarnival the Merfolk Venom Mage began the quest for
                  | the Orb.
     0 | D:1      | Reached XP level 1. HP: 13/13 MP: 3/3
   272 | D:1      | Found a faded altar of an unknown god.
   380 | D:1      | Reached XP level 2. HP: 7/19 MP: 5/5
   692 | D:1      | Slain by a giant cockroach

Illustrated notes

Levels and vault maps discovered:
D:1:      dpeg_arrival_renting, layout_basic, basic_ecumenical_altar

Action                   || total
-------------------------++-------
Melee: Quarterstaff      ||    34
 Cast: Sting             ||     2
Armor: Robe              ||    14
       Ring mail         ||    11
Dodge: Dodged            ||    66
